 Dungeon Crawl Stone Soup version 0.17.2-1-ge4368a0 (webtiles) character file.

32 magog001 the Vandal (level 3, -6/24 HPs)
             Began as a Halfling Hunter on Oct 22, 2016.
             Was an Initiate of Qazlal.
             Mangled by a wight
             ... wielding a cursed +2 great sword
              (18 damage)
             ... on level 3 of the Dungeon.
             The game lasted 00:13:24 (1893 turns).

magog001 the Vandal (Halfling Hunter)               Turns: 1893, Time: 00:13:24

Health: -6/24      AC:  3    Str: 12    XL:     3   Next: 45%
Magic:  3/3        EV: 14    Int: 10    God:    Qazlal [......]
Gold:   142        SH:  0    Dex: 15    Spells: 0 memorised, 2 levels left

rFire  . . .     SeeInvis .     a - +1 hunting sling
rCold  . . .     Clarity  .     c - +0 leather armour
rNeg   . . .     SustAt   .     (shield restricted)
rPois  .         Gourm    .     (no helmet)
rElec  .         Spirit   .     (no cloak)
rCorr  .         Warding  .     (no gloves)
rMut   .         Stasis   .     (no boots)
MR     .....                    (no amulet)
Stlth  ++........               (no ring)
                                (no ring)

@: not resistant to hostile enchantments, unstealthy
A: mutation resistance 1
a: Renounce Religion


You were on level 3 of the Dungeon.
You worshipped Qazlal.
Qazlal was noncommittal.
You were not hungry.

You visited 1 branch of the dungeon, and saw 3 of its levels.

You collected 142 gold pieces.

Inventory:

Hand Weapons
 a - a +1 hunting sling (weapon)
 b - a +0 short sword
Missiles
 i - 59 stones (quivered)
 q - 10 bolts
 w - 9 arrows of dispersal
 y - 9 bolts of penetration
 B - 16 arrows
Armour
 c - a +0 leather armour (worn)
 o - a +0 ring mail
Jewellery
 f - a +3 ring of dexterity {unknown}
 g - an uncursed ring of ice {unknown}
 j - an uncursed ring of ice {unknown}
 v - an uncursed ring of sustain attributes {unknown}
Wands
 x - a wand of random effects (15)
Scrolls
 k - 6 scrolls of identify {unknown}
 m - 2 scrolls of enchant weapon {unknown}
 n - a scroll of fog {unknown}
 p - a scroll of teleportation {unknown}
 s - 2 scrolls of noise {unknown}
 t - 2 scrolls of immolation {unknown}
Potions
 h - a potion of cure mutation {unknown}
 l - a potion of flight {unknown}
 u - a potion of poison {unknown}
Comestibles
 e - a bread ration
 A - a chunk of flesh


   Skills:
 + Level 1.7 Fighting
 * Level 7.3 Slings
 + Level 2.2 Dodging
 + Level 1.1 Stealth


You had 2 spell levels left.
You didn't know any spells.

Dungeon Overview and Level Annotations

Branches:
Dungeon (3/15)

Altars:
Gozag
Kikubaaqudgha
Qazlal
Sif Muna
Yredelemnul


Innate Abilities, Weirdness & Mutations

You are small and have problems with some larger weapons.
You are somewhat resistant to further mutation.


Message History

You shoot a stone. The stone hits the wight.
The wight is almost destroyed.
The wight completely misses you.
Firing (i - inventory):
i - 62 stones (quivered)
Press: ? - help, Shift-Dir - straight line, f/p - wight
Aim: a wight, wielding an enchanted great sword and wearing a robe (almost destroyed)
You shoot a stone. The stone barely misses the wight.
Firing (i - inventory):
i - 61 stones (quivered)
Press: ? - help, Shift-Dir - straight line, f/p - wight
Aim: a wight, wielding an enchanted great sword and wearing a robe (almost destroyed)
You shoot a stone. The stone closely misses the wight.
The wight hits you with an enchanted great sword!
Ouch! That really hurt!
Firing (i - inventory):
i - 60 stones (quivered)
Press: ? - help, Shift-Dir - straight line, f/p - wight
Aim: a wight, wielding an enchanted great sword and wearing a robe (almost destroyed)
You shoot a stone. The stone closely misses the wight.
The wight hits you with an enchanted great sword!!
Ouch! That really hurt!
You die...

......รท..##..)#
.........####.#
#.<........##.#
##>....###.##.##
####..# #.....#
##.# ####..# .
#.# #..## .).
#.# #...###...>.
#.# ##..@z((((((
#.# #...#......
###.# ..... #|.
.... #..# ...
#... #. #.##.
..# ..


You could see a wight.

Vanquished Creatures
  An ooze (D:2)
  A giant gecko (D:2)
  2 ball pythons (D:1)
  5 goblins (D:1)
  3 hobgoblins
  6 kobolds
  A quokka (D:1)
  3 bats (D:1)
  A giant newt (D:1)
  5 rats
28 creatures vanquished.

Notes
Turn   | Place    | Note
--------------------------------------------------------------
     0 | D:1      | magog001 the Halfling Hunter began the quest for the Orb.
     0 | D:1      | Reached XP level 1. HP: 14/14 MP: 1/1
    50 | D:1      | Reached skill level 6 in Slings
   132 | D:1      | Reached XP level 2. HP: 19/19 MP: 2/2
   469 | D:1      | You fall through a shaft!
   701 | D:1      | Reached XP level 3. HP: 24/24 MP: 3/3
   757 | D:1      | Reached skill level 7 in Slings
  1396 | D:2      | Found an opulent altar of Gozag.
  1397 | D:2      | Found an ancient bone altar of Kikubaaqudgha.
  1398 | D:2      | Found a basalt altar of Yredelemnul.
  1702 | D:2      | Found a deep blue altar of Sif Muna.
  1702 | D:2      | Found a stormy altar of Qazlal.
  1707 | D:2      | Became a worshipper of Qazlal Stormbringer
  1893 | D:3      | Mangled by a wight

Action                   || total
-------------------------++-------
 Fire: Hunting sling     ||    94
Evoke: Wand              ||     1
  Use: Potion            ||     2
  Eat: Bread ration      ||     1
